HS
ENID HS PREDATORS @ PUYALLUP HS VANDALS
04/12/2060
 
TOP OF THE 1ST
Sulphur HS Golden Tornados batting - Pitching for Chandler HS Wolverines : RHP B.J. Nix
Pitching: RHP B.J. Nix
Batting: SHB Orval Nichols 0-0: Swinging Strike
0-1: Foul Ball, location: 2F
0-2: Ball
1-2: Foul Ball, location: 2F
1-2: Fly out, F9 (Flyball, 89S, EV 83.8 MPH)
Batting: RHB Ari Garrett 0-0: Called Strike
0-1: Foul Ball, location: 2F
0-2: Ball
1-2: Strikes out swinging
Batting: LHB Erick Owens 0-0: SINGLE (Line Drive, 9S, EV 90.6 MPH)
Batting: LHB Damien Booth 0-0: Foul Ball, location: 2F
0-1: Ball
1-1: Ball
2-1: Foul Ball, location: 2F
2-2: Ball
3-2: SINGLE (Groundball, 6M, EV 102.5 MPH)
Erick Owens to second
Erick Owens to third
Batting: RHB Shomari Cambridge 0-0: Ball
1-0: Ball
2-0: Ball
3-0: Base on Balls
Damien Booth to second
Batting: LHB Dashawn Dawson 0-0: Foul Ball, location: 2F
0-1: Fly out, F9 (Flyball, 9D, EV 90.0 MPH)
Top of the 1st over - 0 runs, 2 hits, 0 errors, 3 left on base; Sulphur HS 0 - Chandler HS 0
BOTTOM OF THE 1ST
Chandler HS Wolverines batting - Pitching for Sulphur HS Golden Tornados : LHP Julian Crawford
Pitching: LHP Julian Crawford
Batting: SHB Elias Robbins 0-0: Called Strike
0-1: Ball
1-1: Ball
2-1: Ball
3-1: Base on Balls
Batting: RHB Brendan Hamman 0-0: Ball
1-0: Foul Ball, location: 2F
1-1: Called Strike
1-2: Foul Ball, location: 2F
1-2: Ball
2-2: Ball
3-2: Ground out 6-3 (Groundball, 6, EV 89.4 MPH)
Elias Robbins to second
Batting: LHB Cole Wiggins 0-0: Ball
1-0: Foul Ball, location: 2F
1-1: Ground out 4-3 (Groundball, 4, EV 105.0 MPH)
Elias Robbins to third
Batting: RHB Devon Hamrick 0-0: Ball
1-0: Called Strike
1-1: Ground out 4-3 (Groundball, 4, EV 79.4 MPH)
Bottom of the 1st over - 0 runs, 0 hits, 0 errors, 1 left on base; Sulphur HS 0 - Chandler HS 0
TOP OF THE 2ND
Sulphur HS Golden Tornados batting - Pitching for Chandler HS Wolverines : RHP B.J. Nix
Batting: RHB Kyle Campbell 0-0: Called Strike
0-1: Swinging Strike
0-2: Strikes out swinging
Batting: RHB Amadom Ut 0-0: Ball
1-0: Ground out 6-3 (Groundball, 6M, EV 95.0 MPH)
Batting: RHB Brendan Bowden 0-0: Ball
1-0: Ball
2-0: Ground out 5-3 (Groundball, 56S, EV 77.5 MPH)
Top of the 2nd over - 0 runs, 0 hits, 0 errors, 0 left on base; Sulphur HS 0 - Chandler HS 0
BOTTOM OF THE 2ND
Chandler HS Wolverines batting - Pitching for Sulphur HS Golden Tornados : LHP Julian Crawford
Batting: LHB Gavin Knight 0-0: Called Strike
0-1: Ground out U3 (Groundball, 3L, EV 100.6 MPH)
Batting: RHB Micheal Long 0-0: Ball
1-0: Ball
2-0: Called Strike
2-1: Ball
3-1: Base on Balls
Batting: RHB Marc Swenson 0-0: Ball
1-0: SINGLE (Groundball, 3S, EV 71.9 MPH) (infield hit)
Micheal Long to second
Batting: RHB Nicolas Santoro 0-0: Called Strike
0-1: Ball
1-1: Ball
2-1: Grounds into double play, 1-4-3 (Groundball, 25, EV 68.8 MPH)
Bottom of the 2nd over - 0 runs, 1 hit, 0 errors, 1 left on base; Sulphur HS 0 - Chandler HS 0
TOP OF THE 3RD
Sulphur HS Golden Tornados batting - Pitching for Chandler HS Wolverines : RHP B.J. Nix
Batting: SHB Orval Nichols 0-0: Ball
1-0: Foul Ball, location: 2F
1-1: Swinging Strike
1-2: Ball
2-2: Strikes out swinging
Batting: RHB Ari Garrett 0-0: Ground out 1-3 (Groundball, 23, EV 68.1 MPH)
Batting: LHB Erick Owens 0-0: Fly out, F8 (Line Drive, 8LD, EV 110.0 MPH)
Top of the 3rd over - 0 runs, 0 hits, 0 errors, 0 left on base; Sulphur HS 0 - Chandler HS 0
BOTTOM OF THE 3RD
Chandler HS Wolverines batting - Pitching for Sulphur HS Golden Tornados : LHP Julian Crawford
Batting: LHB Jordan Apfel 0-0: Ball
1-0: Called Strike
1-1: Ball
2-1: Foul Ball, location: 2F
2-2: Foul Ball, location: 2F
2-2: Ball
3-2: Foul Ball, location: 2F
3-2: Fly out, F8 (Flyball, 8LXD, EV 93.8 MPH)
Batting: SHB Elias Robbins 0-0: Ball
1-0: Called Strike
1-1: Ball
2-1: Ball
3-1: Swinging Strike
3-2: Ground out 4-3 (Groundball, 4M, EV 96.2 MPH)
Batting: RHB Brendan Hamman 0-0: Ground out 6-3 (Groundball, 6, EV 90.0 MPH)
Bottom of the 3rd over - 0 runs, 0 hits, 0 errors, 0 left on base; Sulphur HS 0 - Chandler HS 0
TOP OF THE 4TH
Sulphur HS Golden Tornados batting - Pitching for Chandler HS Wolverines : RHP B.J. Nix
Batting: LHB Damien Booth 0-0: Swinging Strike
0-1: Ball
1-1: Called Strike
1-2: Foul Ball, location: 2F
1-2: Ground out 4-3 (Groundball, 4, EV 109.4 MPH)
Batting: RHB Shomari Cambridge 0-0: Foul Ball, location: 2F
0-1: Ball
1-1: Foul Ball, location: 2F
1-2: Ball
2-2: Strikes out looking
Batting: LHB Dashawn Dawson 0-0: Ball
1-0: Swinging Strike
1-1: Called Strike
1-2: Ball
2-2: Strikes out swinging
Top of the 4th over - 0 runs, 0 hits, 0 errors, 0 left on base; Sulphur HS 0 - Chandler HS 0
BOTTOM OF THE 4TH
Chandler HS Wolverines batting - Pitching for Sulphur HS Golden Tornados : LHP Julian Crawford
Batting: LHB Cole Wiggins 0-0: Ground out 4-3 (Groundball, 4S, EV 88.1 MPH)
Batting: RHB Devon Hamrick 0-0: Ball
1-0: Ball
2-0: Called Strike
2-1: Foul Ball, location: 2F
2-2: Ground out 5-3 (Groundball, 56, EV 86.9 MPH)
Batting: LHB Gavin Knight 0-0: Ball
1-0: Ball
2-0: SOLO HOME RUN (Flyball, 89XD, EV 97.5 MPH), Distance : 393 ft
Batting: RHB Micheal Long 0-0: Ball
1-0: Ball
2-0: Ground out 2-3 (Groundball, 15S, EV 66.9 MPH)
Bottom of the 4th over - 1 run, 1 hit, 0 errors, 0 left on base; Sulphur HS 0 - Chandler HS 1
TOP OF THE 5TH
Sulphur HS Golden Tornados batting - Pitching for Chandler HS Wolverines : RHP B.J. Nix
Batting: RHB Kyle Campbell 0-0: Foul Ball, location: 2F
0-1: Swinging Strike
0-2: Foul Ball, location: 2F
0-2: Ground out 5-3 (Groundball, 56, EV 77.5 MPH)
Batting: RHB Amadom Ut 0-0: Foul Ball, location: 2F
0-1: Ball
1-1: Fly out, F9 (Flyball, 9LM, EV 79.4 MPH)
Batting: RHB Brendan Bowden 0-0: Swinging Strike
0-1: Ball
1-1: Ground out 6-3 (Groundball, 56, EV 103.8 MPH)
Top of the 5th over - 0 runs, 0 hits, 0 errors, 0 left on base; Sulphur HS 0 - Chandler HS 1
BOTTOM OF THE 5TH
Chandler HS Wolverines batting - Pitching for Sulphur HS Golden Tornados : LHP Julian Crawford
Batting: RHB Marc Swenson 0-0: Ball
1-0: Called Strike
1-1: Ball
2-1: Ground out 6-3 (Groundball, 6D, EV 106.2 MPH)
Batting: RHB Nicolas Santoro 0-0: SINGLE (Line Drive, 7S, EV 108.8 MPH)
Batting: LHB Jordan Apfel 0-0: Ball
1-0: Ball
2-0: Ball
3-0: Called Strike
3-1: Base on Balls
Nicolas Santoro to second
Batting: SHB Elias Robbins 0-0: Ball
1-0: Foul Ball, location: 2F
1-1: Foul Ball, location: 2F
1-2: Ground out 5-3 (Groundball, 56S, EV 82.5 MPH)
Nicolas Santoro to third
Jordan Apfel to second
Batting: RHB Brendan Hamman 0-0: Called Strike
0-1: Swinging Strike
0-2: Ball
1-2: Foul Ball, location: 2F
1-2: Ball
2-2: Foul Ball, location: 2F
2-2: Ball
3-2: Foul Ball, location: 2F
3-2: Base on Balls
Pitching: RHP Mitchell Schoen
Batting: LHB Cole Wiggins 0-0: Ball
1-0: Foul Ball, location: 2F
1-1: DOUBLE (Line Drive, 78D, EV 100.6 MPH)
Nicolas Santoro scores
Jordan Apfel scores
Brendan Hamman to third
Runner from 3rd tries for Home, SAFE, throw by CF to trailing runner, OUT at third! 8-3-5
Bottom of the 5th over - 3 runs, 2 hits, 0 errors, 0 left on base; Sulphur HS 0 - Chandler HS 4
TOP OF THE 6TH
Sulphur HS Golden Tornados batting - Pitching for Chandler HS Wolverines : RHP B.J. Nix
Batting: SHB Orval Nichols 0-0: Ball
1-0: Called Strike
1-1: Fly out, F9 (Flyball, 89D, EV 100.0 MPH)
Batting: RHB Ari Garrett 0-0: Ball
1-0: Fly out, F2 (Popup, 23F, EV 90.6 MPH)
Batting: LHB Erick Owens 0-0: Called Strike
0-1: Ball
1-1: Called Strike
1-2: Strikes out looking
Top of the 6th over - 0 runs, 0 hits, 0 errors, 0 left on base; Sulphur HS 0 - Chandler HS 4
BOTTOM OF THE 6TH
Chandler HS Wolverines batting - Pitching for Sulphur HS Golden Tornados : RHP Mitchell Schoen
Batting: RHB Devon Hamrick 0-0: Ball
1-0: Called Strike
1-1: Foul Ball, location: 2F
1-2: Fly out, F9 (Flyball, 9, EV 76.2 MPH)
Batting: LHB Gavin Knight 0-0: Called Strike
0-1: Ball
1-1: Ball
2-1: Ball
3-1: SINGLE (Line Drive, 8LS, EV 108.1 MPH)
Batting: RHB Micheal Long 0-0: Grounds into double play, 5-4-3 (Groundball, 56, EV 82.5 MPH)
Bottom of the 6th over - 0 runs, 1 hit, 0 errors, 0 left on base; Sulphur HS 0 - Chandler HS 4
TOP OF THE 7TH
Sulphur HS Golden Tornados batting - Pitching for Chandler HS Wolverines : RHP B.J. Nix
Batting: LHB Damien Booth 0-0: Foul Ball, location: 2F
0-1: Swinging Strike
0-2: Ball
1-2: DOUBLE (Flyball, 8RXD, EV 115.0 MPH) - OUT at third base trying to stretch hit.
Pitching: RHP Isaac Freeman
Batting: RHB Shomari Cambridge 0-0: Called Strike
0-1: Ball
1-1: Foul Ball, location: 2F
1-2: Strikes out looking
Batting: LHB Dashawn Dawson 0-0: Ball
1-0: Ball
2-0: Foul Ball, location: 2F
2-1: Ball
3-1: Base on Balls
Batting: RHB Kyle Campbell 0-0: Ball
Dashawn Dawson steals 2nd base
1-0: Ball
2-0: Called Strike
2-1: Ball
3-1: Base on Balls
Batting: RHB Amadom Ut 0-0: Swinging Strike
0-1: Ball
1-1: Swinging Strike
1-2: Ball
2-2: Ball
3-2: Foul Ball, location: 2F
3-2: Ground out 5-3 (Groundball, 56S, EV 87.5 MPH)
Top of the 7th over - 0 runs, 1 hit, 0 errors, 2 left on base; Sulphur HS 0 - Chandler HS 4
BOTTOM OF THE 7TH
Chandler HS Wolverines batting - Pitching for Sulphur HS Golden Tornados : RHP Mitchell Schoen
Batting: RHB Marc Swenson 0-0: Called Strike
0-1: Ball
1-1: Ground out 4-3 (Groundball, 4, EV 83.8 MPH)
Batting: RHB Nicolas Santoro 0-0: Ball
1-0: Ball
2-0: Ball
3-0: Called Strike
3-1: Swinging Strike
3-2: Foul Ball, location: 2F
3-2: Strikes out swinging
Batting: LHB Jordan Apfel 0-0: Called Strike
0-1: Ball
1-1: Foul Ball, location: 2F
1-2: Strikes out looking
Bottom of the 7th over - 0 runs, 0 hits, 0 errors, 0 left on base; Sulphur HS 0 - Chandler HS 4
TOP OF THE 8TH
Sulphur HS Golden Tornados batting - Pitching for Chandler HS Wolverines : RHP Isaac Freeman
Pinch Hitting: LHB Chase Ingold 0-0: Foul Ball, location: 2F
0-1: Ball
1-1: Fly out, F8 (Flyball, 89M, EV 95.0 MPH)
Batting: SHB Orval Nichols 0-0: Foul Ball, location: 2F
0-1: Fly out, F8 (Line Drive, 8RD, EV 86.9 MPH)
Pinch Hitting: LHB Jaylen Stewart 0-0: Called Strike
0-1: Ball
1-1: Ball
2-1: Ball
3-1: Fly out, F6 (Popup, 6M, EV 71.2 MPH)
Top of the 8th over - 0 runs, 0 hits, 0 errors, 0 left on base; Sulphur HS 0 - Chandler HS 4
BOTTOM OF THE 8TH
Chandler HS Wolverines batting - Pitching for Sulphur HS Golden Tornados : RHP Mitchell Schoen
Now at 3B: Seth Norris
Now at SS: Lucas Hayek
Batting: SHB Elias Robbins 0-0: Ball
1-0: Ball
2-0: Called Strike
2-1: Ground out 4-3 (Groundball, 4S, EV 85.6 MPH)
Batting: RHB Brendan Hamman 0-0: Called Strike
0-1: Called Strike
0-2: Foul Ball, location: 2F
0-2: Ball
1-2: Hit by Pitch
Batting: LHB Cole Wiggins 0-0: Ball
1-0: Ball
2-0: Swinging Strike
2-1: Swinging Strike
2-2: Strikes out swinging
Batting: RHB Devon Hamrick 0-0: Ground out 4-3 (Groundball, 4, EV 85.6 MPH)
Bottom of the 8th over - 0 runs, 0 hits, 0 errors, 1 left on base; Sulphur HS 0 - Chandler HS 4
TOP OF THE 9TH
Sulphur HS Golden Tornados batting - Pitching for Chandler HS Wolverines : RHP Isaac Freeman
Batting: LHB Erick Owens 0-0: Called Strike
0-1: Foul Ball, location: 2F
0-2: Strikes out swinging
Batting: LHB Damien Booth 0-0: Called Strike
0-1: Ball
1-1: Ball
2-1: Foul Ball, location: 2F
2-2: Ball
3-2: Foul Ball, location: 2F
3-2: SINGLE (Line Drive, 4MD, EV 95.0 MPH)
Batting: RHB Shomari Cambridge 0-0: Called Strike
0-1: Ball
1-1: Swinging Strike
1-2: Foul Ball, location: 2F
1-2: Foul Ball, location: 2F
1-2: Foul Ball, location: 2F
1-2: Ball
2-2: Ball
3-2: Fly out, F9 (Flyball, 9, EV 83.1 MPH)
Pitching: RHP Kaden Laws
Batting: LHB Dashawn Dawson 0-0: Ball
1-0: Ball
2-0: Swinging Strike
2-1: Ground out 6-3 (Groundball, 6M, EV 97.5 MPH)
Top of the 9th over - 0 runs, 1 hit, 0 errors, 1 left on base; Sulphur HS 0 - Chandler HS 4
Saturday, April 27th , 2024 - OOTP Baseball 23.10 Build 110